 Dungeon Crawl Stone Soup version 0.31-a0-1576-ga3383bade6 (webtiles) character file.

Game seed: 5183701243271110975

49 grandjackal the Chopper (level 3, -5/25 (28) HPs)
             Began as a Demonspawn Gladiator on Jan 4, 2024.
             Slain by a gnoll
             ... wielding a +0 whip
              (7 damage)
             ... on level 2 of the Dungeon.
             The game lasted 00:01:57 (1593 turns).

grandjackal the Chopper (Demonspawn Gladiator)      Turns: 1593, Time: 00:01:58

HP:   -5/25 (28)    AC:  6    Str: 16    XL:     3   Next: 53%
MP:   3/3           EV: 11    Int:  8    God:
Gold: 36            SH:  0    Dex: 14    Spells: 2/2 levels left

rFire   . . .        a - +0 war axe
rCold   . . .        (no shield)
rNeg    . . .        i - +0 ring mail
rPois   .            c - +0 helmet
rElec   .            (no cloak)
rCorr   .            (no gloves)
SInv    .            (no boots)
Will    +....        (no amulet)
Stlth   +            g - ring of willpower
HPRegen 0.24/turn    (no ring)
MPRegen 0.08/turn

%: no passive effects
@: heavily drained
A: weakness stinger 2
a: no special abilities


You were on level 2 of the Dungeon.
You visited 1 branch of the dungeon, and saw 3 of its levels.

You collected 86 gold pieces.
You spent 50 gold pieces at shops.

Inventory:

Hand Weapons
 a - a +0 war axe (weapon)
Missiles
 d - 3 throwing nets (quivered)
 e - 3 javelins
Armour
 b - a +0 buckler
 c - a +0 helmet (worn)
 i - a +0 ring mail (worn)
Jewellery
 g - a ring of willpower (left hand)
Scrolls
 h - a scroll of fear {unknown}
 j - a scroll of immolation {unknown}
 k - a scroll of teleportation {unknown}
 l - a scroll of identify {unknown}
Potions
 f - 3 potions of heal wounds
 m - 2 potions of curing {unknown}


   Skills:
 + Level 2.8 Fighting
 + Level 3.2 Axes
 - Level 2.0 Throwing
 - Level 3.0 Dodging
 + Level 0.4 Shields


You had 2 spell levels left.
You didn't know any spells.
Your spell library contained the following spells:

 Spells                   Type           Power      Damage    Failure   Level
 Anguish                  Hex/Necr       0%         N/A       100%        4
 Cause Fear               Hex            0%         N/A       100%        4
 Enfeeble                 Hex            0%         N/A       100%        7
 Malign Gateway           Summ/Tloc      0%         N/A       100%        7
 Summon Horrible Things   Summ           0%         N/A       100%        8


Dungeon Overview and Level Annotations

Branches:
Dungeon (3/15)

Altars:

Shops:
D:2 (!**[


Innate Abilities, Weirdness & Mutations

You have a tail ending in a sharp stinger.


Message History

You tear a large gash into the net.
The gnoll barely misses you.
An ogre comes into view. It is wielding a +0 giant club.
You shred the net and break free! The bat barely misses you.
The gnoll closely misses you. The gnoll attacks as it pursues you!
The gnoll hits you with a +1 flail of draining.
You feel drained.
There is a stone staircase leading up, spattered with blood here.
The bat barely misses you.
The gnoll hits you from afar with a +0 spear.
The gnoll hits you but does no damage.
You climb upwards.
There is a stone staircase leading down here.
You hit the gnoll.
The gnoll is lightly wounded.
You completely miss the gnoll. The gnoll barely misses you.
The gnoll hits you with a +0 whip. The gnoll barely misses you.
You hit the gnoll.
The gnoll is heavily wounded.
You hit the gnoll. The gnoll hits you with a +0 whip.
The gnoll barely misses you.
You hit the gnoll but do no damage. Your punch misses the gnoll.
The gnoll is heavily wounded.
You barely miss the gnoll. The gnoll closely misses you.
The gnoll barely misses you. The gnoll hits you with a +0 whip.
You hit the gnoll but do no damage.
The gnoll is heavily wounded.
You slash the gnoll! The gnoll hits you but does no damage.
You feel drained. The gnoll hits you with a +0 whip.
The gnoll closely misses you.
You hit the gnoll but do no damage.
The gnoll is heavily wounded.
You barely miss the gnoll. The gnoll closely misses you.
The gnoll hits you with a +1 flail of draining.
* * * LOW HITPOINT WARNING * * *
You feel drained.
* * * LOW HITPOINT WARNING * * *
You closely miss the gnoll.
The gnoll is heavily wounded.
You closely miss the gnoll. The gnoll hits you with a +0 whip!
You die...

###.##.#......#..............##.#
###...........#.........###..##.#
..............#####....####..##..
######....########..#.....#..##..
## ###...####..................
.# #.#.....##.###.....#..##.. .#
#.#####.##.# #.....#..##.# .# #.#
#...g# #######.....< .# #.#
###@g# #..##.# .# #.#######.##
#..##.. .# #.........# #...... ##
#########.# #.##### #.# #.# #.#
### #.# ##### #.# #.... #.# #####


You could see 2 gnolls.

Vanquished Creatures
  An adder (D:2)
  A ribbon worm (D:2)
  A dart slug (D:1)
  A bat (D:1)
  6 endoplasms
  4 giant cockroaches
  3 goblins
  4 hobgoblins
  2 kobolds (D:1)
  3 quokkas (D:2)
  A ball python (D:2)
  A frilled lizard (D:1)
  2 rats (D:1)
30 creatures vanquished.

Notes
Turn   | Place    | Note
-------+----------+-------------------------------------------
     0 | D:1      | grandjackal the Demonspawn Gladiator began the quest for
                  | the Orb.
     0 | D:1      | Reached XP level 1. HP: 16/16 MP: 1/1
   178 | D:1      | Gained mutation: You have a small tail. [demonic ancestry]
   178 | D:1      | Reached XP level 2. HP: 21/22 MP: 2/2
   629 | D:1      | Found a faded altar of an unknown god.
   792 | D:2      | Gained mutation: You have a tail ending in a sharp stinger.
                  | [demonic ancestry]
   792 | D:2      | Reached XP level 3. HP: 27/28 MP: 3/3
   855 | D:2      | Found Derudu's Antique Weapon Shoppe.
   914 | D:2      | Found Ufuefoep's Distillery.
   975 | D:2      | Found Mowk's General Store.
  1059 | D:2      | Found Wif Givi's Armour Boutique.
  1156 | D:2      | Found Ciko's General Store.
  1160 | D:2      | Bought a potion of heal wounds for 50 gold pieces
  1583 | D:3      | Noticed an ogre
  1592 | D:2      | HP: 1/25 [gnoll/+1 flail of draining (1)]
  1593 | D:2      | Slain by a gnoll

Illustrated notes

Levels and vault maps discovered:
D:1:      minmay_arrival_jagged, layout_loops_ring,
          hellmonk_ecumenical_altar_zigzags, nicolae_kite_square_tiling_tiny
D:2:      layout_basic, serial_shops, nicolae_shop_pleasant_corner_grove,
          shop_statue, nicolae_shop_pleasant_corner_grove,
          nicolae_shop_waterfront, nicolae_shop_back_alley_shop
D:3:      layout_rooms, nicolae_dithmenos_shadow_blocks

Skill      XL: |  1  2 |
---------------+-------+-----
Throwing       | 2 |  2.0
Axes           | 3 |  3.2
Dodging        | 3 |  3.0
Fighting       | |  2.8
Shields        | |  0.4

Action                     || total
---------------------------++-------
  Melee: War axe           ||    94
         Tailslap          ||    10
 Armour: Leather armour    ||    30
         Ring mail         ||    33
  Dodge: Dodged            ||    70

Table legend: (Time is in decaauts)
 A = Elapsed time spent in this place.
 B = Non-inter-level travel time spent in this place.
 C = Inter-level travel time spent in this place.
 D = Time resting spent in this place.
 E = Time spent auto-exploring this place.
 F = Levels seen in this place.
 G = Mean time per level.
                   A        B        C        D        E       F      G
               +--------+--------+--------+--------+--------+-----+--------+
         Total |   1624 |   1496 |    128 |      0 |   1220 |   3 |  541.3 |
       Dungeon |   1624 |   1496 |    128 |      0 |   1220 |   3 |  541.3 |
               +--------+--------+--------+--------+--------+-----+--------+

Top non-repeatable levels by time:
     D:2: 818 daAuts
     D:1: 800 daAuts
     D:3: 6 daAuts
